 Dungeon Crawl Stone Soup version 0.27-a0-1278-g6cbc8dfb29 (webtiles) character file.

Game seed: 8410879801094949414

4 spiderkeys the Sneak (level 1, 0/9 HPs)
             Began as a Spriggan Enchanter on June 13, 2021.
             Slain by a ball python (1 damage)
             ... on level 1 of the Dungeon.
             The game lasted 00:00:51 (170 turns).

spiderkeys the Sneak (Spriggan Enchanter)            Turns: 170, Time: 00:00:52

Health: 0/9        AC:  2    Str:  4    XL:     1   Next: 58%
Magic:  2/5        EV: 14    Int: 16    God:
Gold:   0          SH:  0    Dex: 15    Spells: 4/5 levels left

rFire    . . .     SeeInvis +   a - +1 dagger
rCold    . . .     Faith    .   (shield restricted)
rNeg     . . .     Spirit   .   b - +0 robe
rPois    .         Reflect  .   (helmet restricted)
rElec    .         Harm     .   (no cloak)
rCorr    .         Rampage  .   (gloves unavailable)
Will     .....                  (boots unavailable)
Stlth    +++.......             (no amulet)
HPRegen  0.03/turn              (no ring)
MPRegen  0.09/turn              (no ring)

@: constricted, very quick
A: very small, no large weapons, unfitting armour, see invisible, speed 3
a: no special abilities


You were on level 1 of the Dungeon.
You visited 1 branch of the dungeon, and saw 1 of its levels.


Innate Abilities, Weirdness & Mutations

You are very small and have problems with some larger weapons.
You are too small for most types of armour.
You have supernaturally acute eyesight. (SInv)
You cover ground extremely quickly. (Speed+++)


   Skills:
 + Level 1.2 Short Blades
 + Level 2.8 Dodging
 + Level 4.5 Stealth
 + Level 2.8 Spellcasting
 + Level 3.7 Hexes


You had 4 spell levels left.
You knew the following spells:

 Your Spells              Type           Power      Damage    Failure   Level
c - Corona                Hex            15%        N/A       4%          1

Your spell library contained the following spells:

 Spells                   Type           Power      Damage    Failure   Level
 Confusing Touch          Hex            14%        N/A       12%         3
 Tukima's Dance           Hex            14%        N/A       12%         3
 Ensorcelled Hibernation  Hex/Ice        16%        N/A       14%         2
 Dazzling Flash           Conj/Hex       16%        N/A       26%         3

Inventory:

Hand Weapons
 a - a +1 dagger (weapon)
Armour
 b - a +0 robe (worn)

Dungeon Overview and Level Annotations

Branches:
Dungeon (1/15)

Altars:

Shops:
D:1

[ .# #....#.# #..#
.#########.# ##r#
....rg.....# #.##
.####.####### #..# .#
#.# #...#####.# .#
#.≈♣##.##♣≈##.## # .#
#.≈≈≈#'#♣≈≈##..# .###
.#
#.≈≈≈≈≈≈≈≈≈♣##.##.....
.#
##≈≈P#.#P≈≈.@Sr......#
##
#≈♣##.##♣≈.##.##.##.#
# #..<###.##..# #
##### #.###.# #.# ..
#.# #.. #.# ..# #.#
..# .>#


You could see a quokka and a ball python (corona).


Message History

You closely miss the bat. The bat hits you but does no damage.
The bat barely misses you.
You hit the bat but do no damage. The bat completely misses you.
The bat closely misses you. x2
You hit the bat.
You kill the bat!
No target in view!
No target in view!
A ball python comes into view. 😎 HP[+1]
Your hp is fully restored (9).
A ball python is nearby!
A hobgoblin comes into view.
A quokka comes into view.
Found Koliduz's Armour Shoppe.
The helpless ball python fails to defend itself.
You impale the ball python!!
You kill the ball python!
The quokka completely misses you.
You barely miss the quokka. The quokka misses you.
You hit the quokka. The quokka barely misses you.
The quokka is outlined in light.
The quokka closely misses you. 😎 MP[-1]
You lost 1 mp, and now have 4/5 mp.
You hit the quokka. The quokka closely misses you.
You hit the quokka but do no damage. The quokka barely misses you.
You hit the quokka but do no damage.
The hobgoblin shouts!
The quokka barely misses you.
You hit the quokka but do no damage. The quokka misses you.
The quokka closely misses you. The quokka bites you. 😮 HP[-4]
You take 4 damage, and now have 5/9 hp.
MASSIVE DAMAGE!! (PAUSE)
You are too injured to fight recklessly!
The quokka stops glowing. 😮 MP[+1]
Your mp is fully restored (5).
You start resting.
A hobgoblin is nearby! 😮 HP[+1]
A ball python comes into view.
A quokka comes into view.
The ball python hisses angrily.
A ball python comes into view.
You see here a frilled lizard corpse.
The quokka twitches its whiskers.
You start resting.
A quokka is nearby!
You are too injured to fight recklessly!
Casting: Corona (safe; 4% risk of failure)
Confirm with . or Enter, or press ? or * to list all spells.
Aiming: Corona (safe; 4% risk of failure)
Press: ? - help, Shift-Dir - straight line, f/p - quokka
Aim: a quokka (heavily wounded, chance to affect: 68%)
The quokka is outlined in light. 😮 MP[-1]
You lost 1 mp, and now have 4/5 mp.
You are too injured to fight recklessly!
You are too injured to fight recklessly!
You are too injured to fight recklessly!
You are too injured to fight recklessly!
You are too injured to fight recklessly!
You are too injured to fight recklessly!
You hit the quokka but do no damage. The quokka misses you.
You hit the quokka.
You kill the quokka!
You closely miss the ball python. The ball python barely misses you.
The ball python misses you.
Casting: Corona (safe; 4% risk of failure)
Confirm with . or Enter, or press ? or * to list all spells.
Aiming: Corona (safe; 4% risk of failure)
Press: ? - help, Shift-Dir - straight line, f - ball python
Aim: a ball python (chance to affect: 68%)
The ball python barely resists.
The ball python barely misses you. x2 😮 MP[-1]
You lost 1 mp, and now have 3/5 mp.
You hit the ball python. The ball python bites you. The ball python grabs you.
The ball python constricts you. The ball python bites you.
* * * LOW HITPOINT WARNING * * *
x2 The ball python constricts you. 😱 HP[-5]
You take 5 damage, and now have 1/9 hp.
MASSIVE DAMAGE!! (PAUSE)
Casting: Corona (safe; 4% risk of failure)
Confirm with . or Enter, or press ? or * to list all spells.
Aiming: Corona (safe; 4% risk of failure)
Press: ? - help, Shift-Dir - straight line, f/p - ball python
Aim: a ball python (heavily wounded, constricting you, chance to affect: 68%)
The ball python is outlined in light.
The ball python barely misses you.
The ball python constricts you. 😱 MP[-1]
You lost 1 mp, and now have 2/5 mp.
You barely miss the ball python.
The ball python bites you but does no damage.
The ball python constricts you.
You hit the ball python. The ball python barely misses you.
You die...

Action                   || total
-------------------------++-------
Melee: Dagger            ||    23
 Cast: Corona            ||     4
 Stab: Sleeping          ||     2
Armor: Robe              ||     7
Dodge: Dodged            ||    31

Levels and vault maps discovered:
D:1:      sevenhm_arrival_forest_fort_small_4, layout_basic,
          ebering_ecumenical_altar_sacrificial, serial_shops,
          nicolae_shop_temple_entry_statues_fountains, shop, shop

Notes
Turn   | Place    | Note
-------+----------+-------------------------------------------
     0 | D:1      | spiderkeys the Spriggan Enchanter began the quest for the
                  | Orb.
     0 | D:1      | Reached XP level 1. HP: 9/9 MP: 5/5
     0 | D:1      | magus.rc [v1.9.10]
    85 | D:1      | Found Koliduz's Armour Shoppe.
   167 | D:1      | HP: 2/9 [ball python (3)]
   170 | D:1      | Slain by a ball python

Vanquished Creatures
  A ball python (D:1)
  A bat (D:1)
  A quokka (D:1)
  A frilled lizard (D:1)
4 creatures vanquished.

Table legend:
 A = Non-vault XP
 B = Vault XP
 C = Vault XP percentage of total XP
 D = Non-vault monster count
 E = Vault monster count
 F = Vault count percentage of total count
                 A         B        C        D         E       F
            +---------+---------+-------+---------+---------+-------
      Total |       7 |       0 |   0.0 |       4 |       0 |   0.0
            +---------+---------+-------+---------+---------+-------
        D:1 |       7 |       0 |   0.0 |       4 |       0 |   0.0
            +---------+---------+-------+---------+---------+-------

Illustrated notes

Table legend:
 A = Kills in this place as a percentage of kills in entire the game.
 B = Kills by you in this place as a percentage of kills by you in the entire game.
 C = Kills by friends in this place as a percentage of kills by friends in the entire game.
 D = Other kills in this place as a percentage of other kills in the entire game.
 E = Experience gained in this place as a percentage of experience gained in the entire game.
 F = Experience gained in this place divided by the number of levels of this place that you have seen.
                   A       B       C       D       E      F
               +-------+-------+-------+-------+-------+----------------------
         Total | 100.0 | 100.0 |   N/A |   N/A | 100.0 |   7.0
       Dungeon | 100.0 | 100.0 |   N/A |   N/A | 100.0 |   7.0
               +-------+-------+-------+-------+-------+----------------------

Table legend: (Time is in decaauts)
 A = Elapsed time spent in this place.
 B = Non-inter-level travel time spent in this place.
 C = Inter-level travel time spent in this place.
 D = Time resting spent in this place.
 E = Time spent auto-exploring this place.
 F = Levels seen in this place.
 G = Mean time per level.
                   A        B        C        D        E       F      G
               +--------+--------+--------+--------+--------+-----+--------+
         Total |    131 |    131 |      0 |     11 |     51 |   1 |  131.0 |
       Dungeon |    131 |    131 |      0 |     11 |     51 |   1 |  131.0 |
               +--------+--------+--------+--------+--------+-----+--------+

Top non-repeatable levels by time:
     D:1: 131 daAuts
